[ PARTIDA AOE2 · #505309742 ]
UnrankedPersas vs Incas
Equipo del jugador · VICT
Equipo rival · DERR
[ ANÁLISIS DE REPETICIÓN · EXTRAÍDO DE LA PARTIDA GRABADA ]
Feudal
9:36
Castillos
24:33
Imperial
—
| APM promedio | 68.8 |
| APM pico | 122 |
| eAPM promedio | 23.6 |
| Aldeanos / militares | 73 / 25 |
Foco
⚔️ 29.4% · 🌾 70.6%
Scout Cavalry ×12 · Knight ×7 · Militia ×3 · Spearman ×2 · Camel Scout ×1
Feudal
9:39
Castillos
—
Imperial
—
| APM promedio | 73.8 |
| APM pico | 115 |
| eAPM promedio | 26.5 |
| Aldeanos / militares | 57 / 7 |
Foco
⚔️ 19.7% · 🌾 80.3%
Unknown (2550) ×37 · Spearman ×7
Mapa de la partida
Recursos iniciales + cada clic de construcción. Líneas = muros · curvas = relieve. ◆ oro · ⬟ piedra · ● bayas · ✦ reliquia · ◌ hueco del cierre
Tu base· ✓ Cerrada en 24:33 · 61t muro · 2 puerta(s)
Base de NeroNam· Abierta — flanco sin cerrar
Terreno inicial suavizado · ◌ = hueco del cierre detectado · pasá el cursor para detalles
Inputs por minuto
— pablo.isaza - - NeroNam
Build order — pablo.isaza
Primeras 150 de 186 acciones detectadas
| 0:01 | Encolar | Villager (Male) |
| 0:01 | Encolar | Villager (Male) |
| 0:02 | Construir | House |
| 0:03 | Construir | House |
| 0:32 | Encolar | Villager (Male) |
| 0:40 | Encolar | Villager (Male) |
| 1:00 | Encolar | Villager (Male) |
| 1:00 | Encolar | Villager (Male) |
| 1:35 | Encolar | Villager (Male) |
| 1:35 | Encolar | Villager (Male) |
| 1:41 | Construir | Lumber Camp |
| 2:04 | Encolar | Villager (Male) |
| 2:04 | Encolar | Villager (Male) |
| 2:16 | Encolar | Villager (Male) |
| 2:46 | Encolar | Villager (Male) |
| 2:46 | Encolar | Villager (Male) |
| 3:11 | Encolar | Villager (Male) |
| 3:11 | Encolar | Villager (Male) |
| 3:35 | Encolar | Villager (Male) |
| 3:35 | Encolar | Villager (Male) |
| 3:48 | Construir | House |
| 3:55 | Encolar | Villager (Male) |
| 3:55 | Encolar | Villager (Male) |
| 4:13 | Construir | Barracks |
| 4:23 | Construir | House |
| 4:26 | Encolar | Villager (Male) |
| 4:27 | Encolar | Villager (Male) |
| 5:09 | Encolar | Militia |
| 5:09 | Encolar | Militia |
| 5:13 | Encolar | Militia |
| 5:15 | Encolar | Villager (Male) |
| 5:40 | Construir | Palisade Wall |
| 5:48 | Encolar | Villager (Male) |
| 5:50 | Investigar | Loom |
| 6:02 | Encolar | Villager (Male) |
| 6:19 | Construir | Palisade Wall |
| 7:05 | Construir | House |
| 7:32 | Investigar | Feudal Age |
| 7:32 | Investigar | Feudal Age |
| 8:01 | Construir | Palisade Wall |
| 8:57 | Construir | House |
| 8:57 | Construir | Palisade Wall |
| 9:04 | Construir | Mill |
| 9:14 | Encolar | Villager (Male) |
| 9:36 | Edad | Edad Feudal |
| 9:40 | Encolar | Spearman |
| 9:43 | Investigar | Man-at-Arms (upgrade) |
| 9:45 | Construir | Stable |
| 9:49 | Encolar | Villager (Male) |
| 10:02 | Construir | Palisade Wall |
| 10:08 | Encolar | Villager (Male) |
| 10:11 | Construir | Palisade Wall |
| 10:23 | Construir | Palisade Wall |
| 10:25 | Encolar | Villager (Male) |
| 10:28 | Construir | Farm |
| 10:44 | Encolar | Scout Cavalry |
| 10:48 | Encolar | Villager (Male) |
| 10:50 | Construir | Farm |
| 10:53 | Construir | Palisade Gate |
| 11:02 | Construir | Palisade Wall |
| 11:05 | Construir | Farm |
| 11:16 | Encolar | Scout Cavalry |
| 11:18 | Construir | Farm |
| 11:28 | Encolar | Villager (Male) |
| 11:49 | Encolar | Villager (Male) |
| 11:55 | Construir | House |
| 12:00 | Construir | Farm |
| 12:05 | Encolar | Villager (Male) |
| 12:07 | Construir | House |
| 12:08 | Construir | Palisade Wall |
| 12:14 | Encolar | Villager (Male) |
| 12:26 | Encolar | Villager (Male) |
| 12:30 | Construir | Palisade Wall |
| 12:38 | Encolar | Villager (Male) |
| 12:39 | Encolar | Villager (Male) |
| 12:40 | Construir | Farm |
| 12:47 | Encolar | Villager (Male) |
| 12:50 | Encolar | Scout Cavalry |
| 12:53 | Encolar | Villager (Male) |
| 13:01 | Construir | House |
| 13:12 | Encolar | Villager (Male) |
| 13:13 | Construir | Farm |
| 13:18 | Encolar | Villager (Male) |
| 13:25 | Encolar | Villager (Male) |
| 13:45 | Encolar | Villager (Male) |
| 13:47 | Construir | Farm |
| 13:49 | Encolar | Villager (Male) |
| 13:54 | Construir | Palisade Wall |
| 13:58 | Encolar | Villager (Male) |
| 14:07 | Encolar | Villager (Male) |
| 14:10 | Construir | Farm |
| 14:24 | Encolar | Villager (Male) |
| 14:30 | Encolar | Villager (Male) |
| 14:33 | Construir | Farm |
| 14:34 | Encolar | Spearman |
| 14:37 | Encolar | Villager (Male) |
| 14:51 | Construir | Farm |
| 14:53 | Encolar | Villager (Male) |
| 15:04 | Encolar | Scout Cavalry |
| 15:05 | Encolar | Scout Cavalry |
| 15:10 | Encolar | Villager (Male) |
| 15:24 | Construir | Blacksmith |
| 15:40 | Encolar | Villager (Male) |
| 15:46 | Encolar | Scout Cavalry |
| 15:51 | Encolar | Villager (Male) |
| 15:55 | Construir | Farm |
| 16:14 | Construir | Mining Camp |
| 16:18 | Encolar | Villager (Male) |
| 16:29 | Construir | Palisade Gate |
| 16:31 | Encolar | Villager (Male) |
| 16:37 | Construir | Watch Tower |
| 16:49 | Investigar | Scale Barding Armor |
| 16:56 | Construir | Farm |
| 16:59 | Construir | Mining Camp |
| 17:15 | Encolar | Villager (Male) |
| 17:22 | Encolar | Villager (Male) |
| 17:27 | Encolar | Villager (Male) |
| 17:59 | Encolar | Scout Cavalry |
| 18:04 | Encolar | Villager (Male) |
| 18:23 | Encolar | Villager (Male) |
| 18:42 | Encolar | Villager (Male) |
| 18:45 | Construir | Farm |
| 18:49 | Encolar | Villager (Male) |
| 18:53 | Encolar | Scout Cavalry |
| 18:56 | Encolar | Scout Cavalry |
| 18:58 | Encolar | Villager (Male) |
| 19:04 | Construir | House |
| 19:06 | Construir | House |
| 19:08 | Construir | House |
| 19:15 | Construir | House |
| 19:21 | Encolar | Villager (Male) |
| 19:24 | Construir | Farm |
| 19:28 | Construir | Farm |
| 19:29 | Construir | Farm |
| 19:29 | Construir | Farm |
| 19:32 | Construir | House |
| 19:32 | Construir | House |
| 19:49 | Construir | Farm |
| 19:56 | Encolar | Villager (Male) |
| 19:58 | Encolar | Villager (Male) |
| 20:01 | Construir | Farm |
| 20:04 | Encolar | Villager (Male) |
| 20:27 | Construir | Farm |
| 20:27 | Construir | Farm |
| 20:47 | Construir | Farm |
| 20:47 | Construir | Farm |
| 21:40 | Construir | Blacksmith |
| 21:43 | Construir | Market |
| 22:07 | Investigar | Castle Age |
| 22:08 | Encolar | Scout Cavalry |
Build order — NeroNam
Primeras 150 de 163 acciones detectadas
| 0:00 | Encolar | Villager (Male) |
| 0:01 | Encolar | Villager (Male) |
| 0:01 | Encolar | Villager (Male) |
| 0:01 | Encolar | Villager (Male) |
| 0:02 | Construir | House |
| 1:17 | Encolar | Villager (Male) |
| 1:18 | Encolar | Villager (Male) |
| 1:53 | Construir | Settlement |
| 1:57 | Encolar | Villager (Male) |
| 1:57 | Encolar | Villager (Male) |
| 2:16 | Encolar | Villager (Male) |
| 2:16 | Encolar | Villager (Male) |
| 3:04 | Encolar | Villager (Male) |
| 3:05 | Encolar | Villager (Male) |
| 3:05 | Encolar | Villager (Male) |
| 3:39 | Encolar | Villager (Male) |
| 4:13 | Encolar | Villager (Male) |
| 4:13 | Encolar | Villager (Male) |
| 4:53 | Encolar | Villager (Male) |
| 4:53 | Encolar | Villager (Male) |
| 5:09 | Construir | Settlement |
| 5:25 | Encolar | Villager (Male) |
| 5:25 | Encolar | Villager (Male) |
| 6:05 | Encolar | Villager (Male) |
| 6:05 | Encolar | Villager (Male) |
| 6:33 | Investigar | Loom |
| 6:41 | Construir | Settlement |
| 7:29 | Investigar | Feudal Age |
| 7:29 | Investigar | Feudal Age |
| 8:50 | Construir | Barracks |
| 9:23 | Encolar | Villager (Male) |
| 9:23 | Encolar | Villager (Male) |
| 9:29 | Encolar | Unit 2550 |
| 9:30 | Encolar | Unit 2550 |
| 9:39 | Edad | Edad Feudal |
| 9:50 | Investigar | Double-Bit Axe |
| 9:51 | Investigar | Horse Collar |
| 9:51 | Investigar | Horse Collar |
| 10:41 | Encolar | Villager (Male) |
| 10:42 | Encolar | Villager (Male) |
| 10:45 | Construir | Settlement |
| 10:52 | Encolar | Villager (Male) |
| 12:04 | Encolar | Villager (Male) |
| 12:05 | Encolar | Villager (Male) |
| 12:20 | Encolar | Unit 2550 |
| 12:27 | Construir | Farm |
| 12:27 | Construir | Farm |
| 12:29 | Construir | Farm |
| 12:30 | Construir | Farm |
| 12:32 | Construir | Farm |
| 12:57 | Construir | Farm |
| 13:07 | Encolar | Villager (Male) |
| 13:08 | Encolar | Villager (Male) |
| 13:44 | Investigar | Tech 1402 |
| 13:44 | Investigar | Tech 1402 |
| 13:49 | Encolar | Unit 2550 |
| 13:49 | Encolar | Unit 2550 |
| 13:56 | Construir | Watch Tower |
| 13:59 | Construir | House |
| 14:01 | Construir | House |
| 14:03 | Construir | House |
| 14:05 | Construir | House |
| 14:07 | Construir | House |
| 14:13 | Encolar | Villager (Male) |
| 14:14 | Encolar | Villager (Male) |
| 14:18 | Encolar | Unit 2550 |
| 14:18 | Encolar | Unit 2550 |
| 14:50 | Construir | Farm |
| 14:51 | Construir | Farm |
| 15:08 | Construir | Settlement |
| 15:24 | Encolar | Villager (Male) |
| 15:24 | Encolar | Villager (Male) |
| 15:37 | Encolar | Unit 2550 |
| 15:37 | Encolar | Unit 2550 |
| 15:53 | Construir | Farm |
| 16:08 | Encolar | Villager (Male) |
| 16:16 | Construir | Farm |
| 16:17 | Encolar | Unit 2550 |
| 17:02 | Encolar | Villager (Male) |
| 17:02 | Encolar | Villager (Male) |
| 17:05 | Construir | Farm |
| 17:11 | Construir | Watch Tower |
| 17:19 | Construir | House |
| 17:29 | Construir | House |
| 18:22 | Encolar | Unit 2550 |
| 18:22 | Encolar | Unit 2550 |
| 18:22 | Encolar | Villager (Male) |
| 18:23 | Encolar | Villager (Male) |
| 18:23 | Encolar | Villager (Male) |
| 18:25 | Construir | Farm |
| 18:26 | Construir | Farm |
| 18:45 | Construir | Palisade Wall |
| 18:58 | Construir | Farm |
| 18:59 | Encolar | Villager (Male) |
| 19:03 | Encolar | Unit 2550 |
| 19:04 | Encolar | Unit 2550 |
| 19:09 | Construir | Barracks |
| 19:21 | Construir | Farm |
| 19:24 | Construir | Barracks |
| 19:44 | Encolar | Villager (Male) |
| 19:47 | Construir | Blacksmith |
| 19:51 | Construir | Farm |
| 19:54 | Encolar | Villager (Male) |
| 20:03 | Encolar | Unit 2550 |
| 20:03 | Encolar | Unit 2550 |
| 20:04 | Encolar | Unit 2550 |
| 20:11 | Encolar | Villager (Male) |
| 20:11 | Encolar | Villager (Male) |
| 20:15 | Construir | Farm |
| 20:20 | Encolar | Villager (Male) |
| 20:20 | Encolar | Villager (Male) |
| 20:29 | Encolar | Spearman |
| 20:29 | Encolar | Spearman |
| 20:32 | Encolar | Unit 2550 |
| 20:32 | Encolar | Unit 2550 |
| 20:48 | Encolar | Unit 2550 |
| 20:49 | Encolar | Unit 2550 |
| 20:49 | Encolar | Unit 2550 |
| 20:49 | Encolar | Unit 2550 |
| 21:04 | Encolar | Spearman |
| 21:17 | Encolar | Villager (Male) |
| 21:17 | Encolar | Villager (Male) |
| 21:17 | Encolar | Villager (Male) |
| 21:50 | Encolar | Villager (Male) |
| 21:54 | Encolar | Spearman |
| 21:57 | Encolar | Unit 2550 |
| 21:57 | Encolar | Unit 2550 |
| 21:57 | Encolar | Unit 2550 |
| 22:09 | Investigar | Arson |
| 22:09 | Investigar | Arson |
| 22:25 | Encolar | Villager (Male) |
| 22:28 | Construir | Farm |
| 22:29 | Construir | Farm |
| 22:30 | Construir | Farm |
| 22:30 | Construir | Farm |
| 22:31 | Construir | Farm |
| 22:34 | Encolar | Villager (Male) |
| 22:35 | Encolar | Villager (Male) |
| 22:35 | Encolar | Villager (Male) |
| 22:54 | Encolar | Unit 2550 |
| 22:55 | Encolar | Unit 2550 |
| 22:55 | Encolar | Unit 2550 |
| 22:55 | Encolar | Unit 2550 |
| 22:55 | Encolar | Unit 2550 |
| 24:07 | Construir | Market |
| 24:23 | Encolar | Villager (Male) |
| 25:12 | Investigar | Castle Age |
| 25:12 | Investigar | Castle Age |
| 25:13 | Encolar | Unit 2550 |
| 25:13 | Encolar | Unit 2550 |
Cronología de la partida
| 4:13 | pablo.isaza · first_building Barracks |
| 5:40 | pablo.isaza · wall_segment Palisade Wall x6 |
| 6:19 | pablo.isaza · wall_segment Palisade Wall x7 |
| 8:01 | pablo.isaza · wall_segment Palisade Wall x7 |
| 8:50 | NeroNam · first_building Barracks |
| 8:57 | pablo.isaza · wall_segment Palisade Wall x1 |
| 9:36 | pablo.isaza · age_up feudal |
| 9:39 | NeroNam · age_up feudal |
| 9:45 | pablo.isaza · first_building Stable |
| 10:02 | pablo.isaza · wall_segment Palisade Wall x6 |
| 10:11 | pablo.isaza · wall_segment Palisade Wall x1 |
| 10:23 | pablo.isaza · wall_segment Palisade Wall x11 |
| 11:02 | pablo.isaza · wall_segment Palisade Wall x7 |
| 12:08 | pablo.isaza · wall_segment Palisade Wall x5 |
| 12:30 | pablo.isaza · wall_segment Palisade Wall x1 |
| 13:54 | pablo.isaza · wall_segment Palisade Wall x10 |
| 18:45 | NeroNam · wall_segment Palisade Wall x1 |
| 24:33 | pablo.isaza · wall_segment Palisade Wall x1 |
| 24:33 | pablo.isaza · age_up castle |
| 24:47 | pablo.isaza · wall_segment Palisade Wall x1 |
| 24:48 | pablo.isaza · wall_segment Palisade Wall x1 |
| 24:50 | pablo.isaza · wall_segment Palisade Wall x1 |
| 25:00 | pablo.isaza · wall_segment Palisade Wall x1 |
| 26:13 | NeroNam · resign |
[ ANÁLISIS IA · 1 CRÉDITO ]
¿Qué pasó realmente en esta partida?
Wolo.gg analiza cada decisión: build order, eco, micro, errores típicos por bracket. Análisis personalizado por WhatsApp o Discord en 30 segundos.
Guía civ
Persas
Perfil
Jugador #5357515